Login

Grand Rapids Griffins vs Utica Comets

Created - 03 May 2024 at 23:02

Goals
1 2 3 T
Grand Rapids Griffins 0 1 1 2
Utica Comets 0 4 4 8
Shots
1 2 3 T
Grand Rapids Griffins 6 11 11 28
Utica Comets 1 7 12 20

GoalsPenalties
1st period
No Goal
No Penalty
2nd period
1. Grand Rapids Griffins , Marc Gatcomb 6 (Bryce Kindopp 2, Elmer Soderblom 7) at 1:26
2. Utica Comets , Kent Johnson 5 (Anton Lundell 7, Tomas Nosek 5) at 5:40 (PP)
3. Utica Comets , Max Willman 8 (Anton Lundell 8, Simon Nemec 5) at 9:37
4. Utica Comets , Tyce Thompson 10 (Sam Poulin 13, Max Willman 16) at 16:45 (PP)
5. Utica Comets , Max Willman 9 (Sam Poulin 14, Tyce Thompson 11) at 17:49 (PP)
Wyatt Newpower (GRA) for Cross-checking (Minor) at 5:29
Zac Jones (UTI) for Roughing (Minor) at 5:49
Jason Demers (GRA) for Slashing (Minor) at 9:55
Jason Demers (GRA) for Holding (Minor) at 16:40
Wyatt Newpower (GRA) for Hooking (Minor) at 17:42
Wyatt Newpower (GRA) for Cross-checking (Minor) at 19:32
3rd period
6. Utica Comets , Max Willman 10 (Tyce Thompson 12, Sam Poulin 15) at 0:15 (PP)
7. Utica Comets , Anton Lundell 8 (Zac Jones 9, Max Willman 17) at 1:57 (SH)
8. Utica Comets , Max Willman 11 (Sam Poulin 16, Simon Nemec 6) at 9:27 (PP)
9. Grand Rapids Griffins , Elmer Soderblom 9 (Marc Gatcomb 5, Albert Johansson 4) at 10:18
10. Utica Comets , Anton Lundell 9 (Sam Poulin 17, Zac Jones 10) at 17:40
Tyce Thompson (UTI) for Holding (Minor) at 1:28
Tyler Wotherspoon (UTI) for Tripping (Minor) at 3:55
Wyatt Newpower (GRA) for Hooking (Minor) at 9:13
Albert Johansson (GRA) for Interference (Minor) at 19:53
Goalie Stats
Jett Alexander (GRA), 8 saves from 12 shots - (0.667), 22:11 minutes
Sebastian Cossa (GRA), 4 saves from 8 shots - (0.500), L, 1-3-1, 37:49 minutes
Erik Kallgren (UTI), 26 saves from 28 shots - (0.929), W, 11-4-1, 60:00 minutes
3 StarsOfficial
1 - Max Willman (UTI)
2 - Anton Lundell (UTI)
3 - Sam Poulin (UTI)
Referees : Brett Roeland and Ian Walsh
Linesman : Greg Devorski and Derek Wahl
Game Note
Jett Alexander enters game at 17:49 of 2nd period
Max Willman has scored a Hat Trick!
Finance
Level 1 -- Attendance: 1841 (92.05%) -- Ticket Income $64,435
Level 2 -- Attendance: 1000 (100.00%) -- Ticket Income $15,000
Total Attendance: 2841 (94.70%)
Total Ticket Income: $79,435
Other Income: $38,923
Total Income: $118,358



Team Name Goals Shots Shots Attemp Shots Blocked PIM HIT PP PK FO%
Grand Rapids Griffins 22855614280 / 3 (0%)545%
Utica Comets 8204286105 / 7 (71%)055%

Grand Rapids Griffins
Player Name POS G A P +/- PIM HIT SHT SB MP PP MP PP SHT PK MP PK SHT FO% FOT GA TA
Albert JohanssonD0110210016:573:5700:0000% 000
Amadeus LombardiC0000021018:303:1300:00033% 300
Austin CzarnikC0000014019:403:1800:38078% 1820
Brogan RaffertyD000-2001122:532:0000:4100% 000
Bryce KindoppRW011-1022119:112:3902:33118% 1700
Carter MazurC000001209:340:0000:0000% 310
Cross HanasLW0000001011:480:0000:0000% 200
Elmer SoderblomLW112-1025119:132:3902:3500% 100
Jared McIsaacD0000000015:180:0001:4000% 000
Jason DemersD000-2431123:283:5700:0000% 000
Luke MartinD0001030120:202:0002:4400% 000
Marc GatcombRW112-1001016:402:3900:000100% 100
Nolan StevensLW000001109:530:0000:190100% 100
Roman AhcanLW0000000110:500:0000:0700% 000
Taro HiroseLW0000025012:260:0500:0000% 000
Tim GettingerC0000021012:090:0000:00050% 421
Wyatt NewpowerD0001860017:070:0001:4500% 010
Zach Aston-ReeseLW0000023020:313:1800:380100% 111
Utica Comets
Player Name POS G A P +/- PIM HIT SHT SB MP PP MP PP SHT PK MP PK SHT FO% FOT GA TA
Alexander HoltzRW000000001:050:0000:0000% 000
Anton LundellC2243034023:211:3103:0020% 101
Brian HalonenRW000000001:440:0000:0000% 000
Graeme ClarkeRW000000004:030:0000:0100% 000
Justin DowlingC0000001017:210:0000:00043% 1401
Kent JohnsonLW101-2013023:191:3112:53067% 300
Kyle CriscuoloC000-2022215:050:0000:00060% 511
Luke HughesD000-2010218:091:3200:1200% 001
Max WillmanC4263004019:541:5432:54071% 1400
Michael VukojevicD0000000018:280:0003:2500% 000
Sam PoulinRW0552012016:511:5400:000100% 100
Santeri HatakkaD000-2000019:000:0002:1500% 000
Shane BowersC0000002015:020:0000:10014% 700
Simon NemecD0223000223:351:5302:4700% 000
Tomas NosekLW011-2011017:541:3101:06080% 501
Tyce ThompsonRW1230201017:561:5411:500100% 111
Tyler WotherspoonD0000210218:571:3201:4900% 001
Zac JonesD0223200022:161:5301:2600% 000

Grand Rapids Griffins

5 vs 5 Forward
Line #Left WingCenterRight WingPHYDFOFWanted %Time %Time Play
1Zach Aston-ReeseAustin CzarnikAmadeus Lombardi1223530%15:17
2Elmer SoderblomBryce KindoppMarc Gatcomb1223028%13:59
3Taro HiroseTim GettingerCross Hanas1222023%11:48
4Nolan StevensCarter MazurRoman Ahcan1221519%9:34
5 vs 5 Defense
Line #DefenseDefensePHYDFOFWanted %Time %Time Play
1Jason DemersBrogan Rafferty1224041%20:41
2Wyatt NewpowerLuke Martin1223231%15:30
3Albert JohanssonJared McIsaac1222827%13:37
4Jason DemersBrogan Rafferty12202%0:50
Power Play Forward
Line #Left WingCenterRight WingPHYDFOFWanted %Time %Time Play
1Zach Aston-ReeseAustin CzarnikAmadeus Lombardi1226055%3:18
2Elmer SoderblomBryce KindoppMarc Gatcomb1224045%2:39
Power Play Defense
Line #DefenseDefensePHYDFOFWanted %Time %Time Play
1Jason DemersAlbert Johansson1226066%3:57
2Brogan RaffertyLuke Martin1224034%2:00
Penalty Kill 4 Players Forward
Line #CenterWingPHYDFOFWanted %Time %Time Play
1Bryce KindoppElmer Soderblom1226081%2:47
2Austin CzarnikZach Aston-Reese1224019%0:38
Penalty Kill 4 Players Defense
Line #DefenseDefensePHYDFOFWanted %Time %Time Play
1Luke MartinWyatt Newpower1226080%2:44
2Brogan RaffertyJared McIsaac1224020%0:41
Penalty Kill 3 Players
Line #WingPHYDFOFWanted %Time %Time PlayDefenseDefensePHYDFOFWanted %Time %Time Play
1Zach Aston-Reese122600%0:00 Luke MartinWyatt Newpower122600%0:00
2Elmer Soderblom122400%0:00 Brogan RaffertyJared McIsaac122400%0:00
4 vs 4 Forward
Line #CenterWingPHYDFOFWanted %Time %Time Play
1Zach Aston-ReeseRoman Ahcan122600%0:00
2Austin CzarnikElmer Soderblom122400%0:00
4 vs 4 Defense
Line #DefensePHYDFOFWanted %Time %Time Play
1Jason DemersAlbert Johansson122600%0:00
2Brogan RaffertyLuke Martin122400%0:00
Last Minutes Offensive
Left WingCenterRight WingDefenseDefense
Zach Aston-ReeseAustin CzarnikElmer SoderblomJason DemersBrogan Rafferty
Last Minutes Defensive
Left WingCenterRight WingDefenseDefense
Zach Aston-ReeseAustin CzarnikElmer SoderblomJason DemersBrogan Rafferty
Time
Total ForwardTotal DefenseLast Minutes OffensiveLast Minutes Defensive
60:00 60:00 0:000:00
Extra Forwards
Normal PowerPlayPenalty Kill
Taro Hirose, Tim Gettinger, Nolan StevensTaro Hirose, Tim GettingerNolan Stevens
Extra Defensemen
Normal PowerPlayPenalty Kill
Wyatt Newpower, Jared McIsaac, Brogan RaffertyWyatt Newpower, Jared McIsaacBrogan Rafferty
Penalty Shots
Zach Aston-Reese, Roman Ahcan, Austin Czarnik, Amadeus Lombardi, Taro Hirose
Goalie
Sebastian Cossa, Jett Alexander
Custom OT Lines Forwards
Zach Aston-Reese, Elmer Soderblom, Austin Czarnik, Amadeus Lombardi, Taro Hirose, Bryce Kindopp, Tim Gettinger, Nolan Stevens, Marc Gatcomb, Cross Hanas
Custom OT Lines Defensemen
Jason Demers, Brogan Rafferty, Luke Martin, Wyatt Newpower, Jared McIsaac
Scratches
Orrin Centazzo (Healthy), Marco Kasper (Healthy), Matt Luff (Right Leg Injury), Eemil Viro (Healthy), Reece Vitelli (Healthy) William Wallinder (Healthy), John Lethemon (Healthy)

Utica Comets

5 vs 5 Forward
Line #Left WingCenterRight WingPHYDFOFWanted %Time %Time Play
1Kent JohnsonKyle CriscuoloTomas Nosek1222530%15:01
2Anton LundellMax WillmanSam Poulin1222530%15:00
3Justin DowlingShane BowersTyce Thompson1222527%13:28
4Anton LundellJustin DowlingKent Johnson1222514%7:09
5 vs 5 Defense
Line #DefenseDefensePHYDFOFWanted %Time %Time Play
1Zac JonesSimon Nemec1223031%15:39
2Tyler WotherspoonMichael Vukojevic1223031%15:35
3Luke HughesSanteri Hatakka1223031%15:53
4Zac JonesSimon Nemec122107%3:31
Power Play Forward
Line #Left WingCenterRight WingPHYDFOFWanted %Time %Time Play
1Anton LundellTomas NosekKent Johnson1225044%1:31
2Tyce ThompsonMax WillmanSam Poulin1225056%1:54
Power Play Defense
Line #DefenseDefensePHYDFOFWanted %Time %Time Play
1Zac JonesSimon Nemec1225055%1:53
2Tyler WotherspoonLuke Hughes1225045%1:32
Penalty Kill 4 Players Forward
Line #CenterWingPHYDFOFWanted %Time %Time Play
1Kent JohnsonTyce Thompson1225050%2:57
2Max WillmanAnton Lundell1225050%3:00
Penalty Kill 4 Players Defense
Line #DefenseDefensePHYDFOFWanted %Time %Time Play
1Zac JonesSimon Nemec1225046%2:44
2Tyler WotherspoonMichael Vukojevic1225054%3:13
Penalty Kill 3 Players
Line #WingPHYDFOFWanted %Time %Time PlayDefenseDefensePHYDFOFWanted %Time %Time Play
1Tyce Thompson122500%0:00 Zac JonesSimon Nemec122500%0:00
2Max Willman122500%0:00 Tyler WotherspoonLuke Hughes122500%0:00
4 vs 4 Forward
Line #CenterWingPHYDFOFWanted %Time %Time Play
1Anton LundellTyce Thompson122500%0:00
2Max WillmanSam Poulin122500%0:00
4 vs 4 Defense
Line #DefensePHYDFOFWanted %Time %Time Play
1Zac JonesSimon Nemec122500%0:00
2Tyler WotherspoonSanteri Hatakka122500%0:00
Last Minutes Offensive
Left WingCenterRight WingDefenseDefense
Kent JohnsonTomas NosekAnton LundellZac JonesSimon Nemec
Last Minutes Defensive
Left WingCenterRight WingDefenseDefense
Kent JohnsonTomas NosekAnton LundellZac JonesSimon Nemec
Time
Total ForwardTotal DefenseLast Minutes OffensiveLast Minutes Defensive
60:00 60:00 0:000:00
Extra Forwards
Normal PowerPlayPenalty Kill
Tyce Thompson, Max Willman, Shane BowersTyce Thompson, Anton LundellTyce Thompson
Extra Defensemen
Normal PowerPlayPenalty Kill
Tyler Wotherspoon, Simon Nemec, Zac JonesZac Jones, Simon NemecZac Jones
Penalty Shots
Anton Lundell, Kent Johnson, Sam Poulin, Max Willman, Tyce Thompson
Goalie
Erik Kallgren, Keith Kinkaid
Custom OT Lines Forwards
Kyle Criscuolo, Kent Johnson, Sam Poulin, Max Willman, Tyce Thompson, Anton Lundell, Shane Bowers, Justin Dowling, Tomas Nosek, Alexander Holtz
Custom OT Lines Defensemen
Zac Jones, Simon Nemec, Tyler Wotherspoon, Michael Vukojevic, Luke Hughes
Scratches
Max Crozier (Right Ankle Injury), Sam Houde (Healthy), Samuel Laberge (Healthy), Owen Pickering (Healthy), Dylan St-Cyr (Healthy) David Tendeck (Healthy)


Play-by-Play

1st period


0:01 of 1st period - Kyle Criscuolo wins face-off versus Austin Czarnik in neutral zone.
0:06 of 1st period - Wrist shot by Kyle Criscuolo.
0:06 of 1st period - Stopped by Sebastian Cossa without a rebound.
0:07 of 1st period - Austin Czarnik wins face-off versus Kyle Criscuolo in Grand Rapids Griffins zone.
1:01 of 1st period - Slapshot by Austin Czarnik.
1:01 of 1st period - Stopped by Erik Kallgren with a rebound.
1:03 of 1st period - Wrist shot by Austin Czarnik.
1:03 of 1st period - Shot Misses the Net.
1:31 of 1st period - Slapshot by Zach Aston-Reese.
1:31 of 1st period - Shot Misses the Net.
1:37 of 1st period - Wrist shot by Austin Czarnik.
1:37 of 1st period - Stopped by Erik Kallgren with a rebound.
1:39 of 1st period - Slapshot by Jason Demers.
1:39 of 1st period - Shot Blocked by Kyle Criscuolo.
1:41 of 1st period - Snap shot by Zach Aston-Reese.
1:41 of 1st period - Deflect By Austin Czarnik.
1:41 of 1st period - Shot Misses the Net.
1:41 of 1st period - Puck is out of play.
1:42 of 1st period - Sam Poulin wins face-off versus Bryce Kindopp in Utica Comets zone.
2:07 of 1st period - Luke Martin is hit by Tyler Wotherspoon and loses puck.
3:03 of 1st period - Justin Dowling is hit by Nolan Stevens and loses puck.
5:36 of 1st period - Shane Bowers is hit by Wyatt Newpower and loses puck.
6:15 of 1st period - Michael Vukojevic is hit by Tim Gettinger and loses puck.
6:35 of 1st period - Tomas Nosek is hit by Wyatt Newpower and loses puck.
7:02 of 1st period - Max Willman is hit by Wyatt Newpower.
8:53 of 1st period - Tomas Nosek is hit by Zach Aston-Reese and loses puck.
9:11 of 1st period - Wrist shot by Marc Gatcomb.
9:11 of 1st period - Shot Blocked by Tyler Wotherspoon.
9:13 of 1st period - Wrist shot by Elmer Soderblom.
9:13 of 1st period - Stopped by Erik Kallgren with a rebound.
9:52 of 1st period - Justin Dowling is hit by Carter Mazur.
10:04 of 1st period - Backhand shot by Austin Czarnik.
10:04 of 1st period - Stopped by Erik Kallgren with a rebound.
10:10 of 1st period - Snap shot by Austin Czarnik.
10:10 of 1st period - Shot Blocked by Luke Hughes.
10:58 of 1st period - Austin Czarnik is hit by Kyle Criscuolo and loses puck.
11:13 of 1st period - Kyle Criscuolo is hit by Jason Demers and loses puck.
11:37 of 1st period - Shane Bowers is hit by Elmer Soderblom and loses puck.
11:42 of 1st period - Snap shot by Elmer Soderblom.
11:42 of 1st period - Stopped by Erik Kallgren with a rebound.
11:51 of 1st period - Off-side.
11:52 of 1st period - Max Willman wins face-off versus Tim Gettinger in neutral zone.
11:59 of 1st period - Wrist shot by Anton Lundell.
11:59 of 1st period - Shot Misses the Net.
16:35 of 1st period - Icing by Cross Hanas.
16:36 of 1st period - Justin Dowling wins face-off versus Tim Gettinger in Grand Rapids Griffins zone.
17:53 of 1st period - Kent Johnson is hit by Wyatt Newpower and loses puck.
18:13 of 1st period - Snap shot by Kyle Criscuolo.
18:13 of 1st period - Shot Misses the Net.
18:15 of 1st period - Snap shot by Max Willman.
18:15 of 1st period - Shot Misses the Net.
18:25 of 1st period - Wrist shot by Elmer Soderblom.
18:25 of 1st period - Stopped by Erik Kallgren with a rebound.
19:08 of 1st period - Tomas Nosek is hit by Tim Gettinger and loses puck.
19:47 of 1st period - Icing by Roman Ahcan.
19:48 of 1st period - Max Willman wins face-off versus Carter Mazur in Grand Rapids Griffins zone.
19:59 of 1st period - Sam Poulin is hit by Bryce Kindopp and loses puck.
Goals for this period are 0 for Grand Rapids Griffins vs 0 for Utica Comets.
Shots for this period are 6 for Grand Rapids Griffins vs 1 for Utica Comets.

2nd period


0:01 of 2nd period - Austin Czarnik wins face-off versus Justin Dowling in neutral zone.
0:53 of 2nd period - Tyler Wotherspoon is hit by Wyatt Newpower and loses puck.
1:24 of 2nd period - Wrist shot by Bryce Kindopp.
1:24 of 2nd period - Shot Blocked by Luke Hughes.
1:26 of 2nd period - Wrist shot by Marc Gatcomb.
1:26 of 2nd period - Goal by Marc Gatcomb - Grand Rapids Griffins : 1 - Utica Comets : 0.
1:27 of 2nd period - Austin Czarnik wins face-off versus Justin Dowling in neutral zone.
1:52 of 2nd period - Elmer Soderblom is hit by Kent Johnson and loses puck.
1:57 of 2nd period - Wrist shot by Kent Johnson.
1:57 of 2nd period - Stopped by Sebastian Cossa with a rebound.
2:25 of 2nd period - Snap shot by Nolan Stevens.
2:25 of 2nd period - Shot Misses the Net.
2:29 of 2nd period - Snap shot by Carter Mazur.
2:29 of 2nd period - Stopped by Erik Kallgren without a rebound.
2:30 of 2nd period - Kyle Criscuolo wins face-off versus Carter Mazur in Utica Comets zone.
2:54 of 2nd period - Amadeus Lombardi is hit by Sam Poulin and loses puck.
3:28 of 2nd period - Shane Bowers is hit by Elmer Soderblom and loses puck.
3:49 of 2nd period - Tyce Thompson is hit by Jason Demers.
4:03 of 2nd period - Slapshot by Luke Hughes.
4:03 of 2nd period - Deflect By Kent Johnson.
4:03 of 2nd period - Shot Misses the Net.
4:03 of 2nd period - Puck is out of play.
4:04 of 2nd period - Austin Czarnik wins face-off versus Tomas Nosek in Grand Rapids Griffins zone.
4:37 of 2nd period - Icing by Sam Poulin.
4:38 of 2nd period - Max Willman wins face-off versus Bryce Kindopp in Utica Comets zone.
5:16 of 2nd period - Wrist shot by Sam Poulin.
5:16 of 2nd period - Stopped by Sebastian Cossa without a rebound.
5:17 of 2nd period - Shane Bowers wins face-off versus Cross Hanas in Grand Rapids Griffins zone.
5:18 of 2nd period - Wrist shot by Tyce Thompson.
5:18 of 2nd period - Shot Misses the Net.
5:29 of 2nd period - Minor Penalty to Wyatt Newpower for Cross-checking.
5:30 of 2nd period - Tomas Nosek wins face-off versus Bryce Kindopp in Grand Rapids Griffins zone.
5:40 of 2nd period - Wrist shot by Kent Johnson.
5:40 of 2nd period - Goal by Kent Johnson - Grand Rapids Griffins : 1 - Utica Comets : 1.
5:41 of 2nd period - Austin Czarnik wins face-off versus Justin Dowling in neutral zone.
5:49 of 2nd period - Minor Penalty to Zac Jones for Roughing.
5:50 of 2nd period - Kent Johnson wins face-off versus Amadeus Lombardi in Utica Comets zone.
6:38 of 2nd period - Michael Vukojevic is hit by Zach Aston-Reese and loses puck.
7:49 of 2nd period - Penalty to Zac Jones is over, Zac Jones is back on ice.
8:07 of 2nd period - Slapshot by Jason Demers.
8:07 of 2nd period - Shot Misses the Net.
8:13 of 2nd period - Snap shot by Taro Hirose.
8:13 of 2nd period - Shot Misses the Net.
8:15 of 2nd period - Snap shot by Cross Hanas.
8:15 of 2nd period - Stopped by Erik Kallgren without a rebound.
8:16 of 2nd period - Tim Gettinger wins face-off versus Max Willman in Utica Comets zone.
8:19 of 2nd period - Snap shot by Tim Gettinger.
8:19 of 2nd period - Shot Blocked by Simon Nemec.
8:41 of 2nd period - Sam Poulin is hit by Luke Martin.
9:35 of 2nd period - Snap shot by Anton Lundell.
9:35 of 2nd period - Stopped by Sebastian Cossa with a rebound.
9:37 of 2nd period - Snap shot by Max Willman.
9:37 of 2nd period - Goal by Max Willman - Grand Rapids Griffins : 1 - Utica Comets : 2.
9:38 of 2nd period - Austin Czarnik wins face-off versus Shane Bowers in neutral zone.
9:48 of 2nd period - Off-side.
9:49 of 2nd period - Austin Czarnik wins face-off versus Shane Bowers in neutral zone.
9:55 of 2nd period - Minor Penalty to Jason Demers for Slashing.
9:56 of 2nd period - Tomas Nosek wins face-off versus Bryce Kindopp in Grand Rapids Griffins zone.
11:02 of 2nd period - Icing by Zac Jones.
11:03 of 2nd period - Nolan Stevens wins face-off versus Max Willman in Utica Comets zone.
11:55 of 2nd period - Penalty to Jason Demers is over, Jason Demers is back on ice.
12:24 of 2nd period - Snap shot by Taro Hirose.
12:24 of 2nd period - Stopped by Erik Kallgren with a rebound.
12:40 of 2nd period - Santeri Hatakka is hit by Austin Czarnik and loses puck.
13:07 of 2nd period - Carter Mazur is hit by Anton Lundell and loses puck.
13:26 of 2nd period - Luke Hughes is hit by Taro Hirose and loses puck.
13:53 of 2nd period - Snap shot by Kyle Criscuolo.
13:53 of 2nd period - Shot Misses the Net.
14:16 of 2nd period - Snap shot by Taro Hirose.
14:16 of 2nd period - Stopped by Erik Kallgren with a rebound.
15:19 of 2nd period - Justin Dowling is hit by Wyatt Newpower and loses puck.
15:28 of 2nd period - Wrist shot by Nolan Stevens.
15:28 of 2nd period - Stopped by Erik Kallgren with a rebound.
15:30 of 2nd period - Wrist shot by Carter Mazur.
15:30 of 2nd period - Stopped by Erik Kallgren without a rebound.
15:31 of 2nd period - Zach Aston-Reese wins face-off versus Kyle Criscuolo in Utica Comets zone.
15:34 of 2nd period - Wrist shot by Zach Aston-Reese.
15:34 of 2nd period - Shot Misses the Net.
16:01 of 2nd period - Kent Johnson is hit by Taro Hirose and loses puck.
16:06 of 2nd period - Backhand shot by Taro Hirose.
16:06 of 2nd period - Shot Misses the Net.
16:26 of 2nd period - Zac Jones is hit by Bryce Kindopp and loses puck.
16:40 of 2nd period - Minor Penalty to Jason Demers for Holding.
16:41 of 2nd period - Max Willman wins face-off versus Bryce Kindopp in Grand Rapids Griffins zone.
16:45 of 2nd period - Snap shot by Tyce Thompson.
16:45 of 2nd period - Goal by Tyce Thompson - Grand Rapids Griffins : 1 - Utica Comets : 3.
16:46 of 2nd period - Austin Czarnik wins face-off versus Shane Bowers in neutral zone.
16:51 of 2nd period - Snap shot by Zach Aston-Reese.
16:51 of 2nd period - Stopped by Erik Kallgren with a rebound.
16:53 of 2nd period - Snap shot by Austin Czarnik.
16:53 of 2nd period - Shot Misses the Net.
17:42 of 2nd period - Minor Penalty to Wyatt Newpower for Hooking.
17:43 of 2nd period - Max Willman wins face-off versus Bryce Kindopp in Grand Rapids Griffins zone.
17:47 of 2nd period - Wrist shot by Sam Poulin.
17:47 of 2nd period - Shot Blocked by Bryce Kindopp.
17:49 of 2nd period - Wrist shot by Max Willman.
17:49 of 2nd period - Goal by Max Willman - Grand Rapids Griffins : 1 - Utica Comets : 4.
17:49 of 2nd period - Jett Alexander enters game.
17:50 of 2nd period - Justin Dowling wins face-off versus Austin Czarnik in neutral zone.
18:06 of 2nd period - Icing by Justin Dowling.
18:07 of 2nd period - Justin Dowling wins face-off versus Bryce Kindopp in Utica Comets zone.
18:14 of 2nd period - Snap shot by Elmer Soderblom.
18:14 of 2nd period - Stopped by Erik Kallgren with a rebound.
18:16 of 2nd period - Snap shot by Bryce Kindopp.
18:16 of 2nd period - Stopped by Erik Kallgren with a rebound.
18:18 of 2nd period - Snap shot by Marc Gatcomb.
18:18 of 2nd period - Shot Misses the Net.
18:20 of 2nd period - Snap shot by Jason Demers.
18:20 of 2nd period - Shot Misses the Net.
18:22 of 2nd period - Slapshot by Jason Demers.
18:22 of 2nd period - Shot Blocked by Tyler Wotherspoon.
19:24 of 2nd period - Slapshot by Luke Hughes.
19:24 of 2nd period - Shot Misses the Net.
19:32 of 2nd period - Minor Penalty to Wyatt Newpower for Cross-checking.
19:33 of 2nd period - Max Willman wins face-off versus Elmer Soderblom in Grand Rapids Griffins zone.
19:36 of 2nd period - Snap shot by Zac Jones.
19:36 of 2nd period - Shot Misses the Net.
19:46 of 2nd period - Wrist shot by Elmer Soderblom.
19:46 of 2nd period - Shot Blocked by Simon Nemec.
19:48 of 2nd period - Wrist shot by Bryce Kindopp.
19:48 of 2nd period - Stopped by Erik Kallgren without a rebound.
19:49 of 2nd period - Tomas Nosek wins face-off versus Bryce Kindopp in Utica Comets zone.
Goals for this period are 1 for Grand Rapids Griffins vs 4 for Utica Comets.
Shots for this period are 11 for Grand Rapids Griffins vs 7 for Utica Comets.

3rd period


0:01 of 3rd period - Max Willman wins face-off versus Bryce Kindopp in neutral zone.
0:13 of 3rd period - Slapshot by Tyce Thompson.
0:13 of 3rd period - Shot Blocked by Elmer Soderblom.
0:15 of 3rd period - Snap shot by Max Willman.
0:15 of 3rd period - Goal by Max Willman - Grand Rapids Griffins : 1 - Utica Comets : 5.
0:16 of 3rd period - Austin Czarnik wins face-off versus Justin Dowling in neutral zone.
0:21 of 3rd period - Slapshot by Jason Demers.
0:21 of 3rd period - Shot Misses the Net.
0:23 of 3rd period - Snap shot by Amadeus Lombardi.
0:23 of 3rd period - Stopped by Erik Kallgren with a rebound.
0:25 of 3rd period - Slapshot by Jason Demers.
0:25 of 3rd period - Deflect By Kent Johnson.
0:25 of 3rd period - Stopped by Erik Kallgren with a rebound.
0:27 of 3rd period - Slapshot by Zach Aston-Reese.
0:27 of 3rd period - Stopped by Erik Kallgren without a rebound.
0:28 of 3rd period - Austin Czarnik wins face-off versus Justin Dowling in Utica Comets zone.
0:29 of 3rd period - Wrist shot by Zach Aston-Reese.
0:29 of 3rd period - Stopped by Erik Kallgren without a rebound.
0:30 of 3rd period - Austin Czarnik wins face-off versus Anton Lundell in Utica Comets zone.
0:43 of 3rd period - Slapshot by Anton Lundell.
0:43 of 3rd period - Deflect By Justin Dowling.
0:43 of 3rd period - Stopped by Jett Alexander with a rebound.
0:45 of 3rd period - Slapshot by Anton Lundell.
0:45 of 3rd period - Shot Blocked by Jason Demers.
1:28 of 3rd period - Minor Penalty to Tyce Thompson for Holding.
1:29 of 3rd period - Kent Johnson wins face-off versus Bryce Kindopp in Utica Comets zone.
1:51 of 3rd period - Wrist shot by Anton Lundell.
1:51 of 3rd period - Shot Misses the Net.
1:53 of 3rd period - Snap shot by Zac Jones.
1:53 of 3rd period - Deflect By Anton Lundell.
1:53 of 3rd period - Stopped by Jett Alexander with a rebound.
1:55 of 3rd period - Snap shot by Anton Lundell.
1:55 of 3rd period - Shot Misses the Net.
1:57 of 3rd period - Wrist shot by Anton Lundell.
1:57 of 3rd period - Goal by Anton Lundell - Grand Rapids Griffins : 1 - Utica Comets : 6.
1:58 of 3rd period - Austin Czarnik wins face-off versus Kent Johnson in neutral zone.
3:28 of 3rd period - Penalty to Tyce Thompson is over, Tyce Thompson is back on ice.
3:34 of 3rd period - Snap shot by Shane Bowers.
3:34 of 3rd period - Stopped by Jett Alexander without a rebound.
3:35 of 3rd period - Tim Gettinger wins face-off versus Shane Bowers in Grand Rapids Griffins zone.
3:44 of 3rd period - Snap shot by Taro Hirose.
3:44 of 3rd period - Shot Misses the Net.
3:48 of 3rd period - Wrist shot by Tim Gettinger.
3:48 of 3rd period - Stopped by Erik Kallgren with a rebound.
3:50 of 3rd period - Snap shot by Taro Hirose.
3:50 of 3rd period - Stopped by Erik Kallgren without a rebound.
3:51 of 3rd period - Bryce Kindopp wins face-off versus Justin Dowling in Utica Comets zone.
3:55 of 3rd period - Minor Penalty to Tyler Wotherspoon for Tripping.
3:56 of 3rd period - Max Willman wins face-off versus Austin Czarnik in Utica Comets zone.
4:04 of 3rd period - Snap shot by Kent Johnson.
4:04 of 3rd period - Shot Misses the Net.
5:35 of 3rd period - Snap shot by Elmer Soderblom.
5:35 of 3rd period - Shot Misses the Net.
5:37 of 3rd period - Slapshot by Brogan Rafferty.
5:37 of 3rd period - Shot Misses the Net.
5:55 of 3rd period - Penalty to Tyler Wotherspoon is over, Tyler Wotherspoon is back on ice.
6:15 of 3rd period - Snap shot by Tyce Thompson.
6:15 of 3rd period - Shot Blocked by Brogan Rafferty.
6:24 of 3rd period - Icing by Tyler Wotherspoon.
6:25 of 3rd period - Kyle Criscuolo wins face-off versus Carter Mazur in Utica Comets zone.
6:32 of 3rd period - Wrist shot by Tomas Nosek.
6:32 of 3rd period - Stopped by Jett Alexander with a rebound.
6:34 of 3rd period - Backhand shot by Shane Bowers.
6:34 of 3rd period - Stopped by Jett Alexander without a rebound.
6:35 of 3rd period - Bryce Kindopp wins face-off versus Max Willman in Grand Rapids Griffins zone.
7:01 of 3rd period - Taro Hirose is hit by Tomas Nosek and loses puck.
7:55 of 3rd period - Wrist shot by Taro Hirose.
7:55 of 3rd period - Shot Misses the Net.
8:22 of 3rd period - Jared McIsaac is hit by Anton Lundell and loses puck.
9:13 of 3rd period - Minor Penalty to Wyatt Newpower for Hooking.
9:14 of 3rd period - Bryce Kindopp wins face-off versus Max Willman in Grand Rapids Griffins zone.
9:25 of 3rd period - Wrist shot by Sam Poulin.
9:25 of 3rd period - Shot Blocked by Luke Martin.
9:27 of 3rd period - Snap shot by Max Willman.
9:27 of 3rd period - Goal by Max Willman - Grand Rapids Griffins : 1 - Utica Comets : 7.
9:28 of 3rd period - Justin Dowling wins face-off versus Austin Czarnik in neutral zone.
9:31 of 3rd period - Wrist shot by Zac Jones.
9:31 of 3rd period - Shot Misses the Net.
10:06 of 3rd period - Icing by Marc Gatcomb.
10:07 of 3rd period - Max Willman wins face-off versus Bryce Kindopp in Grand Rapids Griffins zone.
10:16 of 3rd period - Wrist shot by Elmer Soderblom.
10:16 of 3rd period - Shot Blocked by Kyle Criscuolo.
10:18 of 3rd period - Snap shot by Elmer Soderblom.
10:18 of 3rd period - Goal by Elmer Soderblom - Grand Rapids Griffins : 2 - Utica Comets : 7.
10:19 of 3rd period - Justin Dowling wins face-off versus Amadeus Lombardi in neutral zone.
10:21 of 3rd period - Off-side.
10:22 of 3rd period - Amadeus Lombardi wins face-off versus Justin Dowling in neutral zone.
11:19 of 3rd period - Wrist shot by Kent Johnson.
11:19 of 3rd period - Stopped by Jett Alexander with a rebound.
11:21 of 3rd period - Snap shot by Kent Johnson.
11:21 of 3rd period - Shot Blocked by Roman Ahcan.
11:23 of 3rd period - Snap shot by Kent Johnson.
11:23 of 3rd period - Shot Misses the Net.
11:47 of 3rd period - Wrist shot by Zac Jones.
11:47 of 3rd period - Deflect By Sam Poulin.
11:47 of 3rd period - Stopped by Jett Alexander with a rebound.
12:08 of 3rd period - Wrist shot by Elmer Soderblom.
12:08 of 3rd period - Shot Misses the Net.
12:20 of 3rd period - Tim Gettinger is hit by Anton Lundell and loses puck.
13:17 of 3rd period - Jared McIsaac is hit by Luke Hughes and loses puck.
13:53 of 3rd period - Tomas Nosek is hit by Amadeus Lombardi and loses puck.
14:06 of 3rd period - Sam Poulin is hit by Luke Martin and loses puck.
14:46 of 3rd period - Wrist shot by Carter Mazur.
14:46 of 3rd period - Shot Misses the Net.
15:08 of 3rd period - Slapshot by Taro Hirose.
15:08 of 3rd period - Stopped by Erik Kallgren with a rebound.
16:15 of 3rd period - Tyler Wotherspoon is hit by Amadeus Lombardi and loses puck.
16:37 of 3rd period - Icing by Albert Johansson.
16:38 of 3rd period - Tyce Thompson wins face-off versus Cross Hanas in Grand Rapids Griffins zone.
16:57 of 3rd period - Kent Johnson is hit by Albert Johansson and loses puck.
17:04 of 3rd period - Snap shot by Elmer Soderblom.
17:04 of 3rd period - Deflect By Kyle Criscuolo.
17:04 of 3rd period - Shot Misses the Net.
17:04 of 3rd period - Puck is out of play.
17:05 of 3rd period - Austin Czarnik wins face-off versus Shane Bowers in Utica Comets zone.
17:40 of 3rd period - Wrist shot by Anton Lundell.
17:40 of 3rd period - Goal by Anton Lundell - Grand Rapids Griffins : 2 - Utica Comets : 8.
17:41 of 3rd period - Austin Czarnik wins face-off versus Justin Dowling in neutral zone.
17:50 of 3rd period - Wrist shot by Anton Lundell.
17:50 of 3rd period - Shot Misses the Net.
18:06 of 3rd period - Anton Lundell is hit by Luke Martin and loses puck.
18:11 of 3rd period - Slapshot by Taro Hirose.
18:11 of 3rd period - Stopped by Erik Kallgren with a rebound.
18:13 of 3rd period - Slapshot by Brogan Rafferty.
18:13 of 3rd period - Stopped by Erik Kallgren without a rebound.
18:14 of 3rd period - Marc Gatcomb wins face-off versus Shane Bowers in Utica Comets zone.
18:23 of 3rd period - Tyce Thompson is hit by Jason Demers and loses puck.
18:42 of 3rd period - Amadeus Lombardi is hit by Kyle Criscuolo and loses puck.
18:49 of 3rd period - Slapshot by Kyle Criscuolo.
18:49 of 3rd period - Stopped by Jett Alexander with a rebound.
19:07 of 3rd period - Wrist shot by Anton Lundell.
19:07 of 3rd period - Deflect By Tim Gettinger.
19:07 of 3rd period - Shot Misses the Net.
19:07 of 3rd period - Puck is out of play.
19:08 of 3rd period - Justin Dowling wins face-off versus Bryce Kindopp in Grand Rapids Griffins zone.
19:21 of 3rd period - Wrist shot by Kent Johnson.
19:21 of 3rd period - Shot Misses the Net.
19:42 of 3rd period - Backhand shot by Austin Czarnik.
19:42 of 3rd period - Stopped by Erik Kallgren without a rebound.
19:43 of 3rd period - Max Willman wins face-off versus Bryce Kindopp in Utica Comets zone.
19:53 of 3rd period - Minor Penalty to Albert Johansson for Interference.
19:54 of 3rd period - Tomas Nosek wins face-off versus Bryce Kindopp in Grand Rapids Griffins zone.
Goals for this period are 1 for Grand Rapids Griffins vs 4 for Utica Comets.
Shots for this period are 11 for Grand Rapids Griffins vs 12 for Utica Comets.